 Dungeon Crawl Stone Soup version 0.28.0-45-g0d030f2227 (webtiles) character file.

Game seed: 1670125808096811216

284478 raph the Spry (level 20, -1/165 HPs)
             Began as a Merfolk Gladiator on May 20, 2022.
             Was the Champion of Qazlal.
             Killed from afar by a hellion (38 damage)
             ... with damnation
             ... on level 3 of the Abyss on May 21, 2022.
             The game lasted 01:36:39 (43206 turns).

raph the Spry (Merfolk Gladiator)                  Turns: 43206, Time: 01:36:40

Health: -1/165     AC: 16    Str: 20      XL:     20   Next: 58%
Magic:  27/27      EV: 48    Int:  9 (14) God:    Qazlal [******]
Gold:   463        SH: 24    Dex: 26      Spells: 25/27 levels left

rFire   + + .      SeeInvis .   a - +7 demon trident (venom)
rCold   + . .      Faith    .   h - +0 kite shield {reflect}
rNeg    + + .      Spirit   .   r - +2 leather armour of the Weaver {Regen+}
rPois   +          Reflect  +   X - +1 helmet
rElec   .          Harm     .   x - +1 cloak of Starlight {*Dazzle EV+4 Stlth--}
rCorr   +          Rampage  .   p - +1 pair of gloves {Dex+3}
Will    .....                   j - +2 pair of boots of the Arena {+Blink rN+ Will-}
Stlth   ..........              o - amulet of the acrobat
HPRegen 1.17/turn               k - ring "Vutoas" {Ice rPois rN+ Str+2 Int+3}
MPRegen 0.20/turn               K - ring "Umiofioc" {Drain rF+++ rCorr Str+2 Int+6}

@: acrobatic, studying Transmutations, repel missiles
A: (nimble swimmer 2), mertail, dopey 1, low MP 1
}: 2/15 runes: barnacled, gossamer
a: Renounce Religion, Evoke Blink, Upheaval, Elemental Force, Disaster Area


You were on level 3 of the Abyss.
You worshipped Qazlal.
Qazlal was exalted by your worship.
You visited 6 branches of the dungeon, and saw 34 of its levels.
You visited the Abyss 2 times.
You also visited: Bailey.

You collected 4061 gold pieces.
You spent 3598 gold pieces at shops.

Inventory:

Hand Weapons
 a - a +7 demon trident of venom (weapon)
 b - the +4 hunting sling "Itsih" {vorpal, rF++ rC++ Will+}
   (You found it on level 8 of the Dungeon)

   Any ammunition fired from it inflicts extra damage upon your enemies.
   rF:        It greatly protects you from fire.
   rC:        It greatly protects you from cold.
   Will:      It increases your willpower.
Missiles
 d - 7 throwing nets
 n - 66 poisoned darts
 E - 18 javelins (quivered)
 L - 40 boomerangs
Armour
 h - a +0 kite shield of reflection (worn)
 j - the +2 pair of boots of the Arena (worn) {+Blink rN+ Will-}
   (You found it on level 13 of the Dungeon)

   rN:        It protects you from negative energy.
   +Blink:    It lets you blink.
   Will:      It decreases your willpower.
 p - a +1 pair of gloves of dexterity (worn)
 r - the +2 leather armour of the Weaver (worn) {Regen+}
   (You found it on level 5 of the Dungeon)

   Regen:     It increases your rate of health regeneration.
 x - the +1 cloak of Starlight (worn) {*Dazzle EV+4 Stlth--}
   (You bought it in a shop on level 15 of the Dungeon)

   It may blind those who miss an attack against the wearer in melee combat.
   EV:        It affects your evasion (+4).
   Stlth:     It makes you much less stealthy.
 X - a +1 helmet (worn)
Jewellery
 k - the ring "Vutoas" (left hand) {Ice rPois rN+ Str+2 Int+3}
   (You bought it in a shop on level 2 of the Orcish Mines)

   [ring of ice]

   It enhances your ice magic.
   Str:       It affects your strength (+2).
   Int:       It affects your intelligence (+3).
   rF:        It makes you vulnerable to fire.
   rC:        It protects you from cold.
   rPois:     It protects you from poison.
   rN:        It protects you from negative energy.
 o - an amulet of the acrobat (around neck)
 q - a ring of see invisible
 w - the amulet of Guomet {Faith rElec}
   (You found it on level 14 of the Dungeon)

   [amulet of faith]

   It allows you to gain divine favour quickly.
   rElec:     It insulates you from electricity.
 K - the ring "Umiofioc" (right hand) {Drain rF+++ rCorr Str+2 Int+6}
   (You bought it in a shop on level 2 of the Orcish Mines)

   [ring of intelligence]

   Str:       It affects your strength (+2).
   Int:       It affects your intelligence (+6).
   rF:        It renders you almost immune to fire.
   rCorr:     It protects you from acid and corrosion.
   Drain:     It drains your maximum health when unequipped.
Wands
 g - a wand of iceblast (9)
 s - a wand of polymorph (5)
 y - a wand of digging (6)
 z - a wand of acid (16)
 I - a wand of charming (11)
 U - a wand of mindburst (13)
 W - a wand of flame (18)
Scrolls
 e - 9 scrolls of fog
 f - 2 scrolls of holy word
 t - 4 scrolls of brand weapon
 u - 7 scrolls of teleportation
 J - 3 scrolls of magic mapping
 O - 2 scrolls of amnesia
 P - 17 scrolls of identify
 V - 3 scrolls of blinking
 Y - 2 scrolls of summoning
 Z - 7 scrolls of fear
Potions
 i - 4 potions of ambrosia
 l - 4 potions of resistance
 m - 14 potions of curing
 v - 6 potions of flight
 A - 5 potions of might
 B - 7 potions of haste
 C - a potion of berserk rage
 D - 2 potions of cancellation
 N - 4 potions of magic
 R - 4 potions of invisibility
 S - 3 potions of mutation
Miscellaneous
 c - a lightning rod (4/4)
 Q - a condenser vane


   Skills:
 + Level 16.2 Fighting
 - Level 16.5 Polearms
 + Level 13.7 Throwing
 + Level 9.2 Armour
 + Level 19.1 Dodging
 + Level 16.2 Shields
 - Level 4.0 Spellcasting
 - Level 3.6 Necromancy
 - Level 2.8 Translocations
 + Level 13.7 Invocations
 + Level 8.3 Evocations


You had 25 spell levels left.
You knew the following spells:

 Your Spells              Type           Power      Damage    Failure   Level
a - Animate Skeleton      Necr           16%        N/A       12%         1
b - Apportation           Tloc           12%        N/A       16%         1

Your spell library contained the following spells:

 Spells                   Type           Power      Damage    Failure   Level
 Pain                     Necr           32%        1d5       12%         1
 Blink                    Tloc           12%        N/A       24%         2
 Vampiric Draining        Necr           8%         2d6       34%         3
 Corpse Rot               Necr/Air       10%        N/A       36%         2
 Magic Dart               Conj           4%         1d3       45%         1
 Summon Small Mammal      Summ           4%         N/A       45%         1
 Call Imp                 Summ           1%         N/A       61%         2
 Poisonous Vapours        Pois/Air       2%         N/A       61%         2
 Static Discharge         Conj/Air       1%         N/A       61%         2
 Portal Projectile        Hex/Tloc       8%         N/A       65%         3
 Call Canine Familiar     Summ           1%         N/A       83%         3
 Confusing Touch          Hex            1%         N/A       83%         3
 Dazzling Flash           Conj/Hex       2%         N/A       83%         3
 Frozen Ramparts          Ice            4%         1d2       83%         3
 Ignite Poison            Fire/Tmut/Pois 1%         N/A       83%         3
 Inner Flame              Hex/Fire       1%         N/A       83%         3
 Mephitic Cloud           Conj/Pois/Air  1%         N/A       83%         3
 Summon Guardian Golem    Hex/Summ       1%         N/A       83%         3
 Passage of Golubria      Tloc           6%         N/A       85%         4
 Iskenderun's Mystic Bla  Conj/Tloc      4%         2d3       96%         4
 Agony                    Necr           8%         N/A       97%         5
 Cause Fear               Hex            0%         N/A       99%         4
 Fulminant Prism          Conj/Hex       0%         3d6       99%         4
 Hailstorm                Conj/Ice       2%         3d3       99%         4
 Ice Form                 Ice/Tmut       2%         N/A       99%         4
 Leda's Liquefaction      Hex/Erth       0%         N/A       99%         4
 Summon Ice Beast         Ice/Summ       2%         N/A       99%         4
 Manifold Assault         Tloc           6%         N/A       99%         5
 Alistair's Intoxication  Tmut/Pois      0%         N/A       100%        5
 Freezing Cloud           Conj/Ice/Air   1%         6-21      100%        5
 Lee's Rapid Deconstruct  Erth           0%         3d5*      100%        5
 Lightning Bolt           Conj/Air       0%         1d11      100%        5
 Silence                  Hex/Air        0%         N/A       100%        5
 Summon Forest            Summ/Tloc      2%         N/A       100%        5
 Summon Mana Viper        Hex/Summ       1%         N/A       100%        5
 Yara's Violent Unravell  Hex/Tmut       0%         3d3       100%        5
 Eringya's Noxious Bog    Tmut/Pois      0%         N/A       100%        6
 Simulacrum               Ice/Necr       3%         N/A       100%        6
 Summon Cactus Giant      Summ           0%         N/A       100%        6
 Enfeeble                 Hex            0%         N/A       100%        7
 Storm Form               Tmut/Air       0%         N/A       100%        7
 Summon Hydra             Summ           0%         N/A       100%        7
 Discord                  Hex            0%         N/A       100%        8
 Lehudib's Crystal Spear  Conj/Erth      0%         10d2      100%        8
 Maxwell's Capacitive Co  Air            0%         ∞         100%        8


Dungeon Overview and Level Annotations

Branches:
Dungeon (15/15)            Temple (0/1) D:5            Lair (6/6) D:10
 Shoals (4/4) Lair:2       Spider (4/4) Lair:3        Slime (0/5) Lair:6
    Orc (2/2) D:12            Elf (0/3) Orc:2        Vaults (3/5) D:13
  Crypt (0/3) Vaults:2     Depths (0/4) D:15         Bailey (visited)

Altars:
Dithmenos
Elyvilon
Gozag
Kikubaaqudgha
Makhleb
Nemelex Xobeh
Qazlal
Ru
Uskayaw
Vehumet
Wu Jian
Xom
Yredelemnul
Zin
Beogh
Lugonu

Shops:
D:1 *   D:7 *   D:8 (   D:9 *   D:12 (   D:15 [   Orc:1 [   Orc:2 ?([=
Vaults:2 ((

Portals:
Abyss: Lair:6

Annotations:
D:12 8 runed translucent doorsdig
Spider:2 2 transporters, MalarOregon's ghost, journeyman PaFi


Innate Abilities, Weirdness & Mutations

((You are very nimble when in or above water. (Stealth+, EV+, Speed+++)))
Your lower body shifts to a powerful aquatic tail in water.
You are dopey. (Int -2)
Your magical capacity is low. (-10% MP)


Message History

Qazlal accepts your kill.
The blast of rubble hits the deep elf sorcerer!!
The deep elf sorcerer is moderately wounded.
The blast of rubble hits the starcursed mass!!
You destroy the starcursed mass!
Qazlal accepts your kill.
The deep elf sorcerer gestures at you while chanting.
The bolt of acid misses you.
There is an open door here.
You hit the deep elf sorcerer.
The deep elf sorcerer is poisoned.
The deep elf sorcerer is moderately wounded.
The deep elf sorcerer hits you with a +0 rapier.
* * * LOW HITPOINT WARNING * * *
You feel protected from physical attacks.
You puncture the deep elf sorcerer!
The deep elf sorcerer looks as sick as possible!
The deep elf sorcerer is heavily wounded.
The deep elf sorcerer hits you with a +0 rapier!
* * * LOW HITPOINT WARNING * * *
You puncture the deep elf sorcerer!
The deep elf sorcerer looks as sick as possible!
The deep elf sorcerer is severely wounded.
The deep elf sorcerer points at you and mumbles some strange words.
You are cast into the Abyss!
To return, you must find a gate leading back.
Killing monsters will force the Abyss to allow you passage.
This branch contains the abyssal rune of Zot.
You start resting.
You hear a hideous shriek!
Magic restored.
You start resting.
Your protection from physical attacks is fading.
You start resting.
You feel less protected from physical attacks.
A hellion comes into view.
A small abomination comes into view.
You are too injured to fight recklessly!
The hellion gestures at you.
The sphere of damnation explodes!
The damnation engulfs you!!!
You die...

#.. .........
##.. .. ......
....###..
..... ........
...# .......#
..#
...'#.###..#
.#
#x...°###...#
#@°§....2..#
##.####+#'#...
###


You could see a hellion and a small abomination.

Vanquished Creatures
  2 tentacled starspawn (Abyss:3)
  Frances (D:14)
  Polyphemus (Shoals:3)
  A kraken (Shoals:1)
  A sphinx (Vaults:3)
  Kirke (D:15)
  The ghost of Athor the Peltast, an adept VSFi of Okawaru (Shoals:4)
  Donald (Shoals:4)
  A revenant (Abyss:3)
  2 fire giants
  4 ghost moths
  2 orc warlords (Vaults:3)
  3 vault wardens
  5 emperor scorpions
  A frost giant (Vaults:1)
  Aizul (Shoals:2)
  A war gargoyle (Vaults:1)
  4 very ugly things
  2 stone giants (Vaults:1)
  11 ironbound preservers
  An ironbound thunderhulk (Vaults:1)
  2 broodmothers
  10 dire elephants
  A minotaur (D:13)
  2 entropy weavers
  The ghost of Xeymp the Imperceptible, a journeyman SpEn of Gozag (D:13)
  2 spark wasps (Spider:4)
  9 merfolk impalers
  2 ettins
  6 merfolk javelineers (Shoals:4)
  A green death (Abyss:3)
  Fannar (Lair:2)
  A ragged hierophant (Vaults:2)
  4 yaktaur captains
  11 hydras
  A vault guard (Vaults:2)
  3 catoblepae
  2 radroaches (Spider:3)
  10 boulder beetles
  A death knight (D:15)
  A peacekeeper (Vaults:1)
  A merfolk avatar (Shoals:2)
  12 centaur warriors
  3 jorogumos
  7 ironbound frosthearts
  3 tengu warriors
  5 merfolk aquamancers
  3 hell hogs (Abyss:3)
  9 two-headed ogres
  6 death yaks
  An orc high priest (Bailey)
  6 thrashing horrors
  Nergalle (Lair:2)
  6 pharaoh ants
  A wretched star (Abyss:3)
  The ghost of MisterFreud the Covert, a novice GnDe of Qazlal (D:8)
  2 sun moths
  A sixfirhy (Abyss:3)
  10 sea snakes
  2 steelbarb worms
  11 orb spiders
  21 deep trolls
  3 phantasmal warriors
  6 wizards
  A harpy (shapeshifter) (D:15)
  13 orc knights
  11 ironbound convokers
  A lindwurm (shapeshifter) (D:13)
  27 harpies
  3 deep elf pyromancers
  23 wolf spiders
  An orc sorcerer (Bailey)
  A worldbinder (D:14)
  4 cyclopes
  5 fauns (Shoals:1)
  12 manticores
  23 ugly things
  3 merfolk sirens
  4 moths of wrath
  4 elephants
  7 large abominations
  3 torpor snails
  8 black mambas
  A smoke demon (Lair:6)
  5 water nymphs
  10 vault sentinels
  13 cane toads
  A gargoyle (D:12)
  2 efreet
  4 kobold demonologists
  18 yaktaurs
  A komodo dragon (shapeshifter) (D:14)
  2 rime drakes
  4 unseen horrors
  A freezing wraith (D:15)
  11 demonic crawlers
  An ice devil (Abyss:3)
  8 komodo dragons
  A hellwing (Abyss:3)
  A tengu conjurer (D:15)
  8 trolls
  2 ancient zymes
  18 meliai
  26 merfolk
  29 blink frogs
  19 tarantellas
  9 wind drakes
  3 saltlings (Vaults:2)
  10 hornets
  4 raiju
  2 hornets (shapeshifter)
  5 snapping turtles
  32 jumping spiders
  6 dream sheep
  43 slime creatures
  A centaur simulacrum (D:13)
  40 yaks
  34 culicivoras
  4 hogs (D:15)
  6 wraiths
  2 water elementals (Shoals:4)
  6 wyverns
  A vampire (D:11)
  A spriggan (Lair:6)
  5 ynoxinuls (Lair:6)
  A human (shapeshifter) (D:15)
  A shadow (D:13)
  A human (D:15)
  5 basilisks
  68 redbacks
  11 vampire mosquitoes
  4 steam dragons
  5 wargs
  8 acid dragons
  12 water moccasins
  42 orc warriors
  A hornet zombie (D:6)
  8 small abominations
  4 ogres
  A swamp drake (shapeshifter) (D:14)
  A sky beast (D:6)
  An ice beast (D:6)
  3 black bears
  2 black bears (shapeshifter)
  A necrophage (D:5)
  8 starcursed masses
  12 wolves
  3 boggarts (D:14)
  15 centaurs
  10 kobold brigands
  2 gnoll sergeants
  Blork the orc (D:4)
  A scorpion (D:5)
  9 bullfrogs
  A scorpion (shapeshifter) (Lair:6)
  2 water moccasin skeletons (D:5)
  10 howler monkeys
  3 killer bees (D:11)
  9 electric eels
  4 crimson imps (D:6)
  A bullfrog zombie (D:6)
  4 centaur zombies
  3 hounds
  12 orc priests
  4 bullfrog skeletons
  13 jellies
  2 centaur skeletons
  Ijyb (D:4)
  15 orc wizards
  2 iguanas
  A scorpion zombie (D:5)
  7 hell rats (Lair:2)
  2 killer bee zombies (D:8)
  A hound skeleton (D:4)
  2 howler monkey zombies (D:9)
  19 gnolls
  15 adders
  2 ufetubi (D:5)
  An adder skeleton (D:5)
  A worm (D:3)
  6 dart slugs
  The ghost of dhn the Magician, a weakling FoWz (D:8)
  46 orcs
  7 ball pythons
  23 endoplasms
  6 giant cockroaches
  16 goblins
  12 hobgoblins
  12 jackals
  27 kobolds
  6 quokkas
  5 bats
  7 frilled lizards
  2 rats (D:2)
  A butterfly (Lair:5)
  A lurking horror (D:14)
  2 starspawn tentacles (Abyss:3)
  3 tentacles (Shoals:1)
1354 creatures vanquished.

Vanquished Creatures (collateral kills)
  2 ironbound preservers (Vaults:2)
  An ironbound frostheart (Vaults:3)
  A centaur warrior (Vaults:2)
  An orb spider (Spider:4)
  4 deep trolls (Vaults:2)
  An ironbound convoker (Vaults:2)
  A wizard (Vaults:3)
  An orc sorcerer (Orc:2)
  A guardian serpent (shapeshifter) (Lair:6)
  3 yaktaurs (Vaults:2)
  A tarantella (Spider:4)
  A blink frog (Lair:6)
  2 jumping spiders (Spider:4)
  2 wraiths (D:13)
  A basilisk (Shoals:1)
  2 orc warriors (Orc:2)
  2 ogres (Orc:1)
  A centaur (Orc:2)
  3 small abominations (Lair:6)
  An orc wizard (Orc:1)
  6 orcs
38 creatures vanquished.

Vanquished Creatures (others)
  A wizard (Vaults:2)
  A wolf spider (shapeshifter) (D:14)
  A vampire mosquito (D:13)
  An orc (D:12)
  25 fungi
  46 plants
  5 starspawn tentacles (Abyss:3)
  8 tentacles (Shoals:1)
  A withered plant (Shoals:1)
89 creatures vanquished.

Grand Total: 1481 creatures vanquished

Notes
Turn   | Place    | Note
-------+----------+-------------------------------------------
     0 | D:1      | raph the Merfolk Gladiator began the quest for the Orb.
     0 | D:1      | Reached XP level 1. HP: 16/16 MP: 1/1
   125 | D:1      | Found Tuxugup's Assorted Antiques.
   150 | D:1      | Reached skill level 5 in Polearms
   161 | D:1      | Reached XP level 2. HP: 22/22 MP: 2/2
   613 | D:1      | Reached XP level 3. HP: 25/27 MP: 3/3
   652 | D:1      | Found a faded altar of an unknown god.
   964 | D:2      | Reached XP level 4. HP: 20/33 MP: 4/4
  1765 | D:1      | Bought a scroll labelled AMYNGO GITSA for 28 gold pieces
  2196 | D:2      | Reached XP level 5. HP: 36/38 MP: 5/5
  2465 | D:3      | Found a stormy altar of Qazlal.
  2496 | D:3      | Became a worshipper of Qazlal Stormbringer
  2547 | D:3      | Found a shadowy altar of Dithmenos.
  3054 | D:3      | Reached XP level 6. HP: 44/44 MP: 6/6
  3285 | D:3      | Found an ancient bone altar of Kikubaaqudgha.
  3462 | D:4      | Noticed Blork the orc
  3480 | D:4      | Killed Blork the orc
  3481 | D:4      | Reached skill level 10 in Polearms
  3672 | D:4      | You fall into a shaft and drop 2 floors!
  3676 | D:6      | Reached * piety under Qazlal
  3767 | D:6      | Found a white marble altar of Elyvilon.
  3795 | D:5      | Entered Level 5 of the Dungeon
  3795 | D:5      | Noticed a steam dragon
  3795 | D:5      | Noticed a black bear
  3795 | D:5      | Noticed a black bear
  3795 | D:5      | Noticed a sky beast
  3882 | D:6      | Noticed an orc warrior
  3906 | D:6      | Killed an orc warrior
  3907 | D:6      | Reached XP level 7. HP: 19/50 MP: 7/7
  4165 | D:6      | Found a shimmering altar of Xom.
  4472 | D:6      | Reached XP level 8. HP: 33/56 MP: 5/8
  4640 | D:6      | Found a burning altar of Makhleb.
  4780 | D:6      | Found a radiant altar of Vehumet.
  5093 | D:5      | Found a hide-covered altar of Uskayaw.
  5129 | D:5      | Noticed a yak
  5137 | D:5      | Killed a yak
  5138 | D:5      | Reached skill level 5 in Dodging
  5502 | D:5      | Reached skill level 6 in Dodging
  5657 | D:5      | Reached skill level 5 in Fighting
  5657 | D:5      | Reached XP level 9. HP: 57/68 MP: 7/9
  5742 | D:5      | Reached skill level 7 in Dodging
  5858 | D:5      | Noticed a troll
  5896 | D:5      | Killed a troll
  5896 | D:5      | Reached ** piety under Qazlal
  6235 | D:5      | Reached skill level 8 in Dodging
  6388 | D:5      | Identified the +2 leather armour of the Weaver {Regen+}
  6431 | D:5      | Reached skill level 1 in Invocations
  6480 | D:5      | Found a staircase to the Ecumenical Temple.
  6559 | D:5      | Found an ornate altar of the Wu Jian Council.
  7063 | D:4      | Found a sparkling altar of Nemelex Xobeh.
  7497 | D:4      | Noticed Ijyb
  7501 | D:4      | Killed Ijyb
  7905 | D:6      | Reached skill level 9 in Dodging
  7915 | D:6      | Found an opulent altar of Gozag.
  8132 | D:7      | Reached *** piety under Qazlal
  8213 | D:7      | Found Girefeif's Assorted Antiques.
  8216 | D:7      | Noticed a troll
  8223 | D:7      | Killed a troll
  8224 | D:7      | Reached XP level 10. HP: 56/79 MP: 12/12
  8252 | D:7      | Bought a scroll of enchant weapon for 247 gold pieces
  8252 | D:7      | Bought a coppery potion for 29 gold pieces
  8252 | D:7      | Bought a scroll labelled LUOLITHROLI for 33 gold pieces
  8540 | D:8      | Found a runed translucent gate.
  8540 | D:8      | Found a runed translucent gate.
  8544 | D:8      | Found a runed translucent gate.
  8545 | D:8      | Noticed MisterFreud's ghost (novice GnDe)
  8546 | D:8      | Noticed dhn's ghost (weakling FoWz)
  8617 | D:8      | Noticed a two-headed ogre
  8645 | D:8      | Killed a two-headed ogre
  8825 | D:8      | Reached skill level 10 in Dodging
  8930 | D:8      | Identified a scroll of acquirement
  8930 | D:8      | Acquired a manual of Transmutations
  9008 | D:8      | Noticed a tengu warrior
  9022 | D:8      | Killed a tengu warrior
  9031 | D:8      | Found Oqutwiukh's Weapon Shoppe.
  9056 | D:7      | Reached skill level 15 in Polearms
  9122 | D:8      | Reached skill level 5 in Invocations
  9163 | D:8      | Noticed a boulder beetle
  9187 | D:8      | Killed a boulder beetle
  9188 | D:8      | Reached XP level 11. HP: 58/87 MP: 12/15
  9216 | D:8      | Noticed a two-headed ogre
  9228 | D:8      | Killed a two-headed ogre
  9442 | D:8      | Found a sacrificial altar of Ru.
  9519 | D:8      | Identified the +4 hunting sling "Itsih" {vorpal, rF++ rC++
                  | Will+}
  9850 | D:9      | Found Zin's Purification Station.
  9856 | D:9      | Found a glowing silver altar of Zin.
  9864 | D:9      | Reached skill level 5 in Throwing
  9883 | D:9      | Reached **** piety under Qazlal
  9898 | D:9      | Reached skill level 11 in Dodging
 10323 | D:9      | Found a flagged portal.
 10348 | Bailey   | Entered a bailey
 10598 | Bailey   | Noticed an orc knight
 10601 | Bailey   | Noticed an orc sorcerer
 10613 | Bailey   | Noticed a soul eater
 10757 | Bailey   | Paralysed by an orc sorcerer for 5 turns
 10792 | Bailey   | Killed an orc sorcerer
 10861 | Bailey   | Killed an orc knight
 11178 | Bailey   | Found an iron altar of Okawaru.
 11179 | Bailey   | Noticed an orc knight
 11179 | Bailey   | Noticed an orc high priest
 11183 | Bailey   | Reached ***** piety under Qazlal
 11463 | Bailey   | Killed an orc knight
 11473 | Bailey   | Noticed a sun demon
 11474 | Bailey   | Killed an orc high priest
 11577 | Bailey   | Identified the +9 arbalest "Haiwyust" {flame, rPois rF+
                  | rN+}
 11708 | D:10     | Entered Level 10 of the Dungeon
 11826 | D:10     | Noticed a two-headed ogre
 11839 | D:10     | Killed a two-headed ogre
 11853 | D:10     | Reached XP level 12. HP: 79/97 MP: 14/17
 11885 | D:10     | Reached skill level 12 in Dodging
 12132 | D:10     | Noticed a two-headed ogre
 12141 | D:10     | Killed a two-headed ogre
 12142 | D:10     | Reached skill level 10 in Fighting
 12245 | D:10     | Found a staircase to the Lair.
 12611 | Lair:1   | Entered Level 1 of the Lair of Beasts
 12624 | D:10     | Acquired a +3 vampiric demon trident
 12983 | Lair:1   | Noticed a five-headed hydra
 12995 | Lair:1   | Killed a five-headed hydra
 13569 | Lair:2   | Reached skill level 1 in Shields
 13601 | Lair:2   | Noticed Nergalle
 13616 | Lair:2   | Killed Nergalle
 13617 | Lair:2   | Reached skill level 1 in Armour
 13708 | Lair:2   | Found a staircase to the Shoals.
 13959 | Lair:2   | Noticed an eight-headed hydra
 13966 | Lair:2   | Killed an eight-headed hydra
 14332 | Lair:3   | Noticed Fannar
 14337 | Lair:3   | Noticed a death yak
 14340 | Lair:3   | Noticed a death yak
 14342 | Lair:3   | Noticed a death yak
 14391 | Lair:2   | Killed a death yak
 14392 | Lair:2   | Reached skill level 13 in Dodging
 14397 | Lair:2   | Killed a death yak
 14435 | Lair:2   | Killed Fannar
 14475 | Lair:1   | Killed a death yak
 14476 | Lair:1   | Reached XP level 13. HP: 45/105 MP: 8/19
 14834 | Lair:3   | Reached skill level 5 in Shields
 15106 | Lair:3   | Found a hole to the Spider Nest.
 16601 | Lair:5   | Reached ****** piety under Qazlal
 16745 | Lair:5   | Reached skill level 14 in Dodging
 16747 | Lair:5   | Reached XP level 14. HP: 93/114 MP: 16/21
 16860 | Lair:5   | You fall into a shaft and drop 1 floor!
 16860 | Lair:6   | Entered Level 6 of the Lair of Beasts
 17667 | Lair:6   | Reached skill level 10 in Invocations
 18143 | Lair:6   | Found a corrupted altar of Lugonu.
 18143 | Lair:6   | Found a one-way gate to the infinite horrors of the Abyss.
 18300 | Lair:6   | Found a staircase to the Slime Pits.
 19985 | D:12     | Found a staircase to the Orcish Mines.
 19985 | D:12     | Found Voneynna's Weapon Shoppe.
 20228 | D:12     | Found a large runed translucent door.
 20229 | D:12     | Identified the +11 whip "Etuhuuh" {vamp, rPois Will+}
 20231 | D:12     | Found a large runed translucent door.
 20232 | D:12     | Found a large runed translucent door.
 20233 | D:12     | Found a large runed translucent door.
 20287 | D:12     | Found a large runed translucent door.
 20288 | D:12     | Found a large runed translucent door.
 20366 | D:12     | Reached skill level 5 in Armour
 20447 | D:12     | Reached XP level 15. HP: 111/122 MP: 23/23
 20485 | D:12     | Found a large runed translucent door.
 20486 | D:12     | Found a large runed translucent door.
 20658 | D:13     | Found the +6 arbalest "Damnation" {damnation}
 20659 | D:13     | Noticed Xeymp's ghost (journeyman SpEn)
 20787 | Orc:1    | Entered Level 1 of the Orcish Mines
 20787 | Orc:1    | Found Retih's Antique Armour Emporium.
 20960 | Orc:2    | Entered Level 2 of the Orcish Mines
 20960 | Orc:2    | Found a staircase to the Elven Halls.
 20968 | Orc:2    | Reached skill level 15 in Dodging
 21327 | Orc:2    | Reached skill level 10 in Throwing
 21631 | Orc:2    | Found Vinlic's Weapon Boutique.
 21631 | Orc:2    | Found Monoci's Armour Emporium.
 21631 | Orc:2    | Found Lennei Vecku's Jewellery Shoppe.
 21634 | Orc:2    | Found Joreholi's Magic Scroll Shop.
 21640 | Orc:2    | Bought a scroll of enchant weapon for 82 gold pieces
 21640 | Orc:2    | Bought a scroll of summoning for 104 gold pieces
 21640 | Orc:2    | Bought a scroll of teleportation for 33 gold pieces
 21647 | Orc:2    | Bought a +0 pair of gloves for 63 gold pieces
 21654 | Orc:2    | Bought the ring "Umiofioc" {Drain rF+++ rCorr Str+2 Int+6}
                  | for 1342 gold pieces
 22552 | D:13     | Found a runed translucent gate.
 22553 | D:13     | Found a runed translucent gate.
 22553 | D:13     | Found a runed translucent gate.
 22697 | D:13     | Reached skill level 10 in Shields
 22716 | D:13     | Found a gate to the Vaults.
 22885 | D:14     | Found a corrupted altar of Lugonu.
 22995 | D:14     | Noticed Frances
 23187 | D:14     | Killed Frances
 23242 | D:14     | Found a transporter.
 23246 | D:14     | Found a transporter.
 23443 | D:14     | Identified the +4 falchion of Uhick {pain, rPois rCorr
                  | Dex+5}
 23835 | D:15     | Entered Level 15 of the Dungeon
 23995 | D:15     | Noticed Kirke
 24016 | D:15     | Killed Kirke
 24039 | D:15     | Found Dodwuupt's Antique Armour Emporium.
 24253 | D:15     | Noticed a fire giant
 24266 | D:15     | Killed a fire giant
 24294 | D:15     | Found a staircase to the Depths.
 24746 | Orc:2    | Bought the ring "Vutoas" {Ice rPois rN+ Str+2 Int+3} for
                  | 661 gold pieces
 24890 | Shoals:1 | Entered Level 1 of the Shoals
 24922 | Lair:2   | Reached XP level 16. HP: 67/131 MP: 24/24
 25162 | Shoals:1 | Noticed a kraken
 25184 | Shoals:1 | Killed a kraken
 25498 | Shoals:1 | Reached skill level 16 in Dodging
 25529 | Shoals:1 | Learned a level 1 spell: Animate Skeleton
 26145 | Shoals:2 | Found the +6 Majin-Bo {vamp, MP+6 Int+6}
 26295 | Shoals:2 | Reached skill level 1 in Spellcasting
 26415 | Shoals:2 | Reached skill level 1 in Necromancy
 26978 | Shoals:3 | Noticed Aizul
 27004 | Shoals:2 | Killed Aizul
 27884 | Shoals:4 | Entered Level 4 of the Shoals
 28131 | Shoals:4 | Reached skill level 1 in Evocations
 28232 | Shoals:4 | Noticed Donald
 28340 | Shoals:4 | Noticed Polyphemus
 28342 | Shoals:4 | Learned a level 1 spell: Apportation
 28653 | Shoals:3 | Killed Polyphemus
 28749 | Shoals:3 | Reached XP level 17. HP: 62/138 MP: 26/26
 28827 | Shoals:4 | Reached skill level 1 in Translocations
 28940 | Shoals:4 | Identified the +3 scale mail "Yxkiolus" {rF++ Int-2 SInv}
 29056 | Shoals:4 | Found a runed translucent door.
 29057 | Shoals:4 | Noticed Athor's ghost (adept VSFi)
 29062 | Shoals:4 | Got a barnacled rune of Zot
 29188 | Shoals:4 | Killed Donald
 30005 | D:13     | Killed Xeymp's ghost
 30127 | D:13     | Identified the +2 pair of boots of the Arena {+Blink rN+
                  | Will-}
 30455 | D:14     | Identified the amulet of Guomet {Faith rElec}
 30843 | D:8      | Killed dhn's ghost
 30852 | D:8      | Killed MisterFreud's ghost
 31078 | Shoals:4 | Killed Athor's ghost
 31199 | Spider:1 | Entered Level 1 of the Spider Nest
 31624 | Spider:1 | Reached skill level 17 in Dodging
 32948 | Spider:2 | Noticed MalarOregon's ghost (journeyman PaFi)
 32964 | Spider:1 | Reached XP level 18. HP: 90/147 MP: 0/27
 33324 | Spider:2 | Found a transporter.
 33574 | Spider:2 | Found a transporter.
 34131 | Spider:3 | Reached skill level 5 in Evocations
 35043 | Spider:4 | Entered Level 4 of the Spider Nest
 35257 | Spider:4 | Reached skill level 15 in Fighting
 36879 | Spider:4 | Reached XP level 19. HP: 155/155 MP: 25/28
 36883 | Spider:4 | Reached skill level 18 in Dodging
 37000 | Spider:4 | Got a gossamer rune of Zot
 37406 | Vaults:1 | Entered Level 1 of the Vaults
 38242 | Vaults:1 | You fall into a shaft and drop 1 floor!
 38260 | Vaults:2 | Reached skill level 15 in Shields
 39447 | D:15     | Bought the +1 cloak of Starlight {*Dazzle EV+4 Stlth--} for
                  | 976 gold pieces
 39447 | D:15     | Found the +1 cloak of Starlight {*Dazzle EV+4 Stlth--}
 40321 | Vaults:2 | Reached XP level 20. HP: 160/164 MP: 29/29
 40694 | Vaults:2 | Found a staircase to the Crypt.
 40694 | Vaults:2 | Found a basalt altar of Yredelemnul.
 40700 | Vaults:2 | Found an ancient bone altar of Kikubaaqudgha.
 40936 | Vaults:2 | Found Ytota's Antique Weapon Boutique.
 41032 | Vaults:2 | Found Kugephoph's Antique Weapon Emporium.
 42421 | Vaults:3 | Paralysed by a sphinx for 4 turns
 42438 | Vaults:3 | HP: 8/164 [ironbound frostheart/creeping frost (19)]
 42443 | Vaults:3 | HP: 7/164 [something/fireball (10)]
 42444 | Vaults:3 | Reached skill level 19 in Dodging
 42789 | Vaults:3 | Cast into level 3 of the Abyss (a deep elf sorcerer)
 42846 | Abyss:3  | Paralysed by accursed screaming for 1 turns
 42853 | Abyss:3  | Found a corrupted altar of Lugonu.
 42933 | Abyss:3  | Gained mutation: Your magical capacity is low. (-10% MP) [a
                  | neqoxec]
 42936 | Abyss:3  | Gained mutation: You are dopey. (Int -2) [a neqoxec]
 43078 | Abyss:3  | Paralysed by accursed screaming for 1 turns
 43082 | Abyss:3  | Paralysed by accursed screaming for 1 turns
 43104 | Abyss:3  | Paralysed by accursed screaming for 2 turns
 43129 | Abyss:4  | Found a corrupted altar of Lugonu.
 43164 | Vaults:3 | Escaped the Abyss
 43181 | Vaults:3 | HP: 8/165 [deep elf sorcerer/+0 rapier (9)]
 43182 | Vaults:3 | Cast into level 3 of the Abyss (a deep elf sorcerer)
 43206 | Abyss:3  | Killed from afar by a hellion

Illustrated notes

Levels and vault maps discovered:
D:1:      dpeg_arrival_three_same_balls, layout_basic, serial_shops,
          nicolae_shop_overgrown_old_shop, hellmonk_ecumenical_altar_run_dry,
          chequers_serial_rivers_micro_b, kennysheep_another_room
D:2:      minmay_inner_zag, layout_basic, grunt_ministairs_6
D:3:      layout_loops_ring, nicolae_qazlal_eye_of_the_storm,
          mainiacjoe_overflow_alcove_2, overflow_temple_1_default
D:4:      layout_basic, kennysheep_mini, kennysheep_orc_chapel,
          uniq_blork_the_orc, uniq_ijyb
D:5:      cheibrodos_fzero, layout_cave_pools, nicolae_uskayaw_suspiria,
          mainiacjoe_overflow_catwalk, minmay_temple_entry_grid,
          serial_column_ruins, column_ruins_hut, column_ruins_columns_corner,
          column_ruins_corridor_corner, column_ruins_corridor_straight,
          column_ruins_grid_2, column_ruins_corridor_plus
D:6:      layout_basic, mainiacjoe_overflow_paths, led_xom_imps,
          general_overflow_altar, bloody_makhleb, lemuel_round_altar
D:7:      layout_gridville, serial_shops, nicolae_shop_window_shopping
D:8:      layout_rooms, nicolae_ru_path_of_blood, gammafunk_ghost_cemetery,
          serial_shops, shop, minmay_the_grid_2x2 [minmay_the_grid_odd_star,
          minmay_the_grid_spikes, minmay_the_grid_dragon_b,
          minmay_the_grid_prize_inner_circle]
D:9:      layout_roguey, zin_purify, enter_bailey_5, st_stairs_9
D:10:     layout_gridville, dpeg_oklobed_lair, minmay_fractal_squares_diagonal_5
D:11:     layout_basic, minmay_puff
D:12:     minmay_five_octagons, layout_basic, orc_david_3
D:13:     layout_loops_cross, david_vaults_4, maelrawn_ghost_gauntlet_escape
D:14:     gammafunk_corrupted_shrine, layout_loops_ring, hangedman_decor_points,
          hangedman_ranch, uniq_frances
D:15:     grunt_enter_depths_giant_problem, layout_irregular_city,
          amcnicky_mini_pool_small, serial_shops, nicolae_shop_trees,
          serial_bayou_crossing, uniq_kirke
Lair:1:   layout_cave_pods, serial_bayou_pond_a
Lair:2:   layout_misc_corridors, minmay_shoals_entry_centaurs,
          nicolae_lair_grazing_beasts [nicolae_sub_lair_graze_edge,
          nicolae_sub_lair_graze_edge, nicolae_sub_lair_graze_edge,
          nicolae_sub_lair_graze_edge], lemuel_fruit_tree, uniq_nergalle
Lair:3:   layout_long_grid, spider_nest_entry_webs, uniq_fannar
Lair:4:   layout_roguey, beast_lair_carwin_9
Lair:5:   lemuel_slime, layout_big_grid, grunt_megastairs_2,
          infiniplex_staircase_pool_2, lemuel_fruit_fields
Lair:6:   hellmonk_lair_end_abyssal_woods, layout_hall_layers, slime_dummy
Shoals:1: layout_shoals, argonaut_gorgonesque
Shoals:2: layout_shoals, nicolae_shoals_isolated_beach
Shoals:3: layout_shoals, nicolae_shoals_seven_spires,
          nicolae_shoals_lost_giant_baths, uniq_aizul
Shoals:4: shoals_end_simple, layout_shoals, gammafunk_ghost_grave,
          uniq_polyphemus, uniq_donald
Spider:1: layout_chambers
Spider:2: layout_spider_delve, portal_ice_cave_entry_ugly_swarm,
          gammafunk_ghost_arena
Spider:3: layout_spider_delve, einodemon_crawler_minivault
Spider:4: spider_rune_water, drop_trap, guppyfry_hornet_nest
Orc:1:    layout_caves, serial_shops, nicolae_shop_waterfront, basic_altar
Orc:2:    st_orc_rangers, layout_caves, basic_altar
Vaults:1: st_octagons_2, nicolae_vaults_arrows, v_misc_19,
          nicolae_vaults_network_barrier, nicolae_vaults_network_quinsquares
          [nicolae_vaults_network_quincunx_subvault,
          nicolae_vaults_network_quincunx_subvault,
          nicolae_vaults_network_quincunx_subvault,
          nicolae_vaults_network_quincunx_subvault],
          ontoclasm_vaults_ring_square, vaults_room_grunt_arrival_ludios,
          layout_vaults_big_cross
Vaults:2: portal_desolation_entry_salt, ontoclasm_vaults_claustrophobia,
          nicolae_vaults_network_star, minmay_crypt_entry_necro_gods,
          v_pattern_3, v_misc_29, nicolae_vaults_little_squares_1,
          vaults_room_door_hall, hangedman_vaults_stream,
          hangedman_vaults_nodes, ontoclasm_vaults_ring_small,
          vaults_dpeg_cross, vaults_dpeg_diagonal,
          ontoclasm_vaults_decontamination, layout_vaults_ring, serial_shops,
          nicolae_shop_trees, nicolae_shop_temple_entry_statues_fountains
Vaults:3: v_misc_12, nicolae_vaults_little_squares_5, ontoclasm_vaults_shuriken,
          grunt_vaults_trifunnel, vaults_room_octagon,
          nicolae_vaults_sealed_display, grunt_vaults_twisty,
          ontoclasm_vaults_twist, vaults_room_corners, vaults_room_octagon,
          ontoclasm_vaults_tryst, nicolae_vaults_what_the_h,
          grunt_vaults_hallway_long, st_cross, vaults_room_pools,
          layout_vaults_omnibox, uniq_bai_suzhen
Abyss:3:  base: D:7, serial_sigils_hangedman_gut, hangedman_decor_peaks_small,
          base:
D:4

Skill      XL: |  1  2  3  4  5  6  7  8  9 10 11 12 13 14 15 16 17 18 19 20 |
---------------+-------------------------------------------------------------+-----
Polearms       | 5 6 7 8 9 11 13 14 15 16 | 16.5
Fighting       | 5 7 8 9 10 11 12 13 14 15 16 | 16.2
Dodging        | 6 9 10 11 13 14 15 16 17 18 19 | 19.1
Invocations    | 3 5 7 8 9 10 11 12 13 | 13.7
Throwing       | 4 6 7 8 9 10 11 12 13 | 13.7
Shields        | 3 6 9 10 12 13 14 15 16 | 16.2
Armour         | 2 3 5 6 7 8 9 |  9.2
Spellcasting   | 2 4 |  4.0
Necromancy     | 2 3 |  3.6
Evocations     | 1 4 6 7 8 |  8.3
Translocations | 2 |  2.8

Action                   |  1- 3 |  4- 6 |  7- 9 | 10-12 | 13-15 | 16-18 | 19-21 || total
-------------------------+-------+-------+-------+-------+-------+-------+-------++-------
Melee: Trident           |    95 |   214 |   259 |       |       |       |       ||   568
       Punch             |       |     6 |     3 |       |       |       |       ||     9
       Glaive            |       |       |   126 |   443 |       |       |       ||   569
       Tailslap          |       |       |     1 |    10 |     8 |    30 |       ||    49
       Demon trident     |       |       |       |   199 |  1390 |  1671 |  1152 ||  4412
Throw: Throwing net      |       |     3 |       |       |       |       |       ||     3
       Dart              |       |       |     4 |    15 |     3 |     6 |       ||    28
       Boomerang         |       |       |       |       |    15 |    50 |       ||    65
       Javelin           |       |       |       |       |       |     1 |     3 ||     4
 Cast: Animate Skeleton  |       |       |       |       |       |     1 |       ||     1
       Apportation       |       |       |       |       |       |     2 |       ||     2
Invok: Upheaval          |       |       |       |     1 |     4 |    11 |     8 ||    24
       Elemental Force   |       |       |       |       |     5 |     5 |     5 ||    15
       Disaster Area     |       |       |       |       |     2 |     2 |       ||     4
Evoke: Condenser vane    |       |       |       |       |       |     2 |     1 ||     3
  Use: Scroll            |       |    10 |     6 |    15 |     8 |     2 |     8 ||    49
       Potion            |       |       |     1 |       |       |     2 |     6 ||     9
 Stab: Sleeping          |     3 |    10 |       |       |       |       |       ||    13
       Held in net/web   |       |     1 |       |       |       |       |       ||     1
       Paralysed         |       |       |       |       |     3 |     4 |     2 ||     9
       Distracted        |       |       |       |       |     1 |       |     3 ||     4
       Petrified         |       |       |       |       |       |     1 |       ||     1
       Confused          |       |       |       |       |       |     1 |       ||     1
       Invisible         |       |       |       |       |       |       |    15 ||    15
Armor: Leather armour    |    28 |    23 |    61 |   101 |    94 |   242 |    82 ||   631
Dodge: Dodged            |    70 |    88 |   199 |   380 |   549 |  1057 |   565 ||  2908
       Repelled          |       |       |       |     7 |    10 |     9 |       ||    26
Block: Other             |       |       |    16 |    75 |       |       |       ||    91
       Kite shield       |       |       |       |   166 |  1063 |  1614 |   886 ||  3729
       Reflection        |       |       |       |       |       |       |    24 ||    24
